 Dungeon Crawl Stone Soup version 0.18-a0-987-g0b0e4e7 (webtiles) character file.

1430 tof the Quickloader (level 8, -11/63 HPs)
             Began as a Minotaur Hunter on Jan 3, 2016.
             Was a Believer of Kikubaaqudgha.
             Mangled by an orc warrior
             ... wielding a cursed +0 mace
              (14 damage)
             ... on level 7 of the Dungeon.
             The game lasted 00:19:42 (5315 turns).

tof the Quickloader (Minotaur Hunter)               Turns: 5315, Time: 00:19:42

Health: -11/63     AC:  8    Str: 20    XL:     8   Next: 45%
Magic:  16/16      EV: 16    Int: 12    God:    Kikubaaqudgha [**....]
Gold:   172        SH:  0    Dex: 11    Spells: 2 memorised, 5 levels left

rFire  . . .     SeeInvis .     l - +0 mace of Ejetio Imevi {crush, rElec rN+ Str+2 Int+3} (curse)
rCold  . . .     Gourm    .     c - +0 leather armour
rNeg   + . .     Faith    .     (no shield)
rPois  .         Spirit   .     (helmet restricted)
rElec  +         Dismiss  .     i - +1 cloak
rCorr  .         Reflect  .     n - +1 pair of gloves
SustAt .         Harm     .     (no boots)
MR     .....                    (no amulet)
Stlth  +.........               E - ring of magical power
                                t - +3 ring of evasion

@: not resistant to hostile enchantments, very unstealthy
A: retaliatory headbutt, horns 2
a: Receive Corpses, Renounce Religion


You were on level 7 of the Dungeon.
You worshipped Kikubaaqudgha.
Kikubaaqudgha was pleased with you.
You were not hungry.

You visited 1 branch of the dungeon, and saw 7 of its levels.
You also visited: Sewer.

You collected 172 gold pieces.

Inventory:

Hand Weapons
 a - a +2 hand crossbow
 b - a +0 dagger of venom
 l - the cursed +0 mace of Ejetio Imevi (weapon) {crush, rElec rN+ Str+2 Int+3}
   (You found it on level 6 of the Dungeon)

   It inflicts extra damage upon your enemies.
   It affects your strength (+2).
   It affects your intelligence (+3).
   It insulates you from electricity.
   It protects you from negative energy.
   It has a curse placed upon it.
 v - a +0 short sword
 D - a +0 long sword
Missiles
 d - 37 bolts
Armour
 c - a +0 leather armour (worn)
 i - a +1 cloak (worn)
 m - a +0 cloak
 n - a +1 pair of gloves (worn)
 q - the +0 ring mail of the Duke {rPois rCorr Str-3}
   (You found it on level 5 of the Dungeon)

   It affects your strength (-3).
   It protects you from poison.
   It protects you from acid and corrosion.
Jewellery
 o - an uncursed ring of flight
 s - an uncursed ring of positive energy
 t - a +3 ring of evasion (left hand)
 E - a ring of magical power (right hand)
Wands
 u - a wand of slowing (48/48)
 C - a wand of random effects (30/48)
Scrolls
 e - 2 scrolls of teleportation
 g - a scroll of blinking
 j - 3 scrolls of remove curse
 k - 3 scrolls of identify
 y - a scroll of amnesia
Potions
 r - a potion of flight {unknown}
 x - a potion of heal wounds
 z - a potion of mutation {unknown}
 A - 2 potions of agility {unknown}
 B - a potion of curing {unknown}
 F - a potion of degeneration {unknown}
 H - 2 potions of might {unknown}
Books
 w - Kikubaaqudgha's Compendium of Black Magic
   (Kikubaaqudgha gifted it to you on level 3 of the Dungeon)

   Spells                             Type                      Level
   a - Pain                           Necromancy                   1
   b - Corpse Rot                     Necromancy                   2
   c - Sublimation of Blood           Necromancy                   2
   d - Vampiric Draining              Necromancy                   3
   e - Control Undead                 Necromancy                   4
 G - a book of Transfigurations

   Spells                             Type                      Level
   a - Stoneskin                      Transmutation/Earth          2
   b - Irradiate                      Conjuration/Transmutation    5
   c - Statue Form                    Transmutation/Earth          6
   d - Hydra Form                     Transmutation                6
   e - Dragon Form                    Transmutation                7
Comestibles
 f - 2 bread rations
 h - 3 chunks of flesh
 p - 2 meat rations


   Skills:
 + Level 3.3 Fighting
 + Level 0.8 Long Blades
 * Level 1.0 Maces & Flails
 * Level 9.6 Crossbows
 * Level 5.0 Armour
 * Level 5.0 Dodging
 + Level 1.6 Stealth
 + Level 0.5 Spellcasting
 + Level 0.3 Necromancy


You had 5 spell levels left.
You knew the following spells:

 Your Spells              Type           Power        Failure   Level  Hunger
a - Pain                  Necr           #...         38%         1    ##.....
b - Corpse Rot            Necr           N/A          61%         2    ###....


Dungeon Overview and Level Annotations

Branches:
Dungeon (7/15)
 Temple: D:4-7

Altars:
Kikubaaqudgha
Ru
Vehumet
Xom

Shops:
D:5 *

Annotations:
D:4 tof's ghost, amateur GrEE


Innate Abilities, Weirdness & Mutations

You reflexively headbutt those who attack you in melee.
You have a pair of horns on your head.


Message History

You hit the orc warrior but do no damage.
The orc warrior is lightly wounded.
The orc completely misses you.
The orc warrior hits you but does no damage.
You hit the orc warrior. You headbutt the orc warrior.
The orc warrior is heavily wounded.
The orc barely misses you. The orc warrior hits you with a mace.
* * * LOW HITPOINT WARNING * * *
The orc hits you but does no damage.
You hit the orc warrior but do no damage.
The orc warrior is heavily wounded.
The orc warrior hits you with a mace!
* * * LOW HITPOINT WARNING * * *
The orc barely misses you. You furiously retaliate!
You headbutt the orc, but do no damage. You hit the orc warrior.
The orc warrior is heavily wounded.
The orc hits you but does no damage. The orc warrior hits you with a mace!
You die...
Kikubaaqudgha rasps: "You have failed me!
Welcome... death!"

#...# ..
#...#####. ...#
#.)......<
.....##)).....#.
.......)...####
.........### .
##........# ...
#........####.....
#...###...@)......
#...# ###o†o......
#... #..%......
... #.........
..........
...........
..###...... .##
..#...


You could see an orc warrior and an orc.

Vanquished Creatures
  Duvessa (D:5)
  Purgy (Sewer)
  An ice beast (D:6)
  A necrophage (D:6)
  A phantom (D:6)
  A centaur (D:6)
  5 giant frogs
  Dowan (D:5)
  2 jellies (D:6)
  An orc priest (D:5)
  Crazy Yiuf (D:6)
  2 hounds
  2 orc wizards
  4 worker ants (D:6)
  A hound zombie (D:6)
  2 adders
  A gnoll (D:1)
  2 river rats (D:3)
  A shadow imp (D:5)
  An ooze (D:1)
  3 worms
  2 giant geckos
  17 orcs
  3 ball pythons
  8 bats
  4 giant cockroaches
  6 goblins
  10 hobgoblins
  8 jackals
  2 giant newts
  18 kobolds
  13 rats
126 creatures vanquished.

Vanquished Creatures (others)
  A human (D:2)
1 creature vanquished.

Grand Total: 127 creatures vanquished

Notes
Turn   | Place    | Note
--------------------------------------------------------------
     0 | D:1      | tof the Minotaur Hunter began the quest for the Orb.
     0 | D:1      | Reached XP level 1. HP: 18/18 MP: 0/0
   318 | D:1      | Reached XP level 2. HP: 25/25 MP: 1/1
   584 | D:1      | Reached skill level 5 in Crossbows
   878 | D:1      | Reached XP level 3. HP: 30/30 MP: 2/2
  1345 | D:2      | Found an ancient bone altar of Kikubaaqudgha.
  1360 | D:2      | Noticed a human
  1363 | D:2      | Became a worshipper of Kikubaaqudgha
  1363 | D:2      | Killed a human
  1443 | D:2      | Reached XP level 4. HP: 33/37 MP: 3/3
  1786 | D:3      | Found a radiant altar of Vehumet.
  1971 | D:3      | Reached skill level 6 in Crossbows
  2033 | D:3      | Found a faded altar to an unknown god.
  2083 | D:3      | Reached * piety under Kikubaaqudgha
  2083 | D:3      | Received a gift from Kikubaaqudgha
  2084 | D:3      | Identified Kikubaaqudgha's Compendium of Black Magic (Kikubaaqudgha gifted it to you on level 3 of the Dungeon)
  2087 | D:3      | Learned a level 1 spell: Pain
  2091 | D:3      | Reached skill level 1 in Armour
  2119 | D:3      | Reached skill level 1 in Stealth
  2124 | D:3      | Found a glowing drain.
  2149 | Sewer    | Entered a sewer
  2205 | Sewer    | Reached XP level 5. HP: 38/42 MP: 4/4
  2277 | Sewer    | Noticed Purgy
  2285 | Sewer    | Killed Purgy
  2577 | D:3      | Found a sacrificial altar of Ru.
  2692 | D:4      | Reached XP level 6. HP: 50/50 MP: 3/5
  2693 | D:4      | Noticed tof's ghost (amateur GrEE)
  2707 | D:5      | Entered Level 5 of the Dungeon
  2845 | D:5      | Got a shimmering ring mail
  2856 | D:5      | Identified the cursed +0 ring mail of the Duke {rPois rCorr Str-3} (You found it on level 5 of the Dungeon)
  2887 | D:5      | Noticed Duvessa
  2889 | D:5      | Noticed Dowan
  2895 | D:5      | Killed Duvessa
  2895 | D:5      | Reached skill level 7 in Crossbows
  2903 | D:5      | Killed Dowan
  3313 | D:5      | Reached XP level 7. HP: 56/56 MP: 6/6
  3439 | D:5      | Found Puevym's General Store.
  3773 | D:5      | Learned a level 2 spell: Corpse Rot
  3823 | D:6      | Reached skill level 8 in Crossbows
  4058 | D:6      | Found a shimmering altar of Xom.
  4211 | D:6      | Reached XP level 8. HP: 48/63 MP: 7/7
  4398 | D:6      | Noticed Crazy Yiuf
  4401 | D:6      | Killed Crazy Yiuf
  4424 | D:6      | Got a warped mace
  4425 | D:6      | Identified the cursed +0 mace of Ejetio Imevi {crush, rElec rN+ Str+2 Int+3} (You found it on level 6 of the Dungeon)
  4494 | D:6      | Reached skill level 9 in Crossbows
  4662 | D:6      | Reached ** piety under Kikubaaqudgha
  4891 | D:6      | Reached skill level 1 in Maces & Flails
  4891 | D:6      | Reached skill level 5 in Armour
  5300 | D:7      | Reached skill level 5 in Dodging
  5314 | D:7      | HP: 3/63 [orc warrior/mace (15)]
  5315 | D:7      | Mangled by an orc warrior

Vault maps used:
D:1:      dpeg_arrival_simpleton_b, minivault_27, kennysheep_minor_cross
D:2:      tgw_kikubaaqudgha
D:3:      fiery_altar_vehumet, nicolae_ru_great_annihilating_truth,
          portal_sewer_entry_e, ecumenical_altar_2, minivault_25,
          grunt_ministairs_14
D:4:      first_bread, serial_glass, glass_columns_b, glass_columns_a,
          nicolae_dithmenos_through_a_glass_darkly
D:5:      serial_shops, shop, nrook_mini_backslash, uniq_duvessa
D:6:      lemuel_doored_altar, uniq_crazy_yiuf_cottage
D:7:      minmay_temple_entry_glass, enter_bailey_7
Sewer:    sewer_the_crocodile

Action                   |  1- 3 |  4- 6 |  7- 9 || total
-------------------------+-------+-------+-------++-------
Melee: Short sword       |    26 |     4 |       ||    30
       Long sword        |       |    26 |       ||    26
       Dagger            |       |     7 |    12 ||    19
       Mace              |       |       |    72 ||    72
 Fire: Hand crossbow     |    68 |   117 |    54 ||   239
 Cast: Pain              |       |       |     6 ||     6
  Use: Scroll            |       |       |     9 ||     9
  Eat: Chunk             |     1 |     5 |     7 ||    13
       Beef jerky        |       |     1 |       ||     1
